 Dungeon Crawl Stone Soup version 0.19-a0-1007-g133f65f (webtiles) character file.

4067 oplop the Chiller (level 10, 0/66 HPs)
             Began as an Octopode Ice Elementalist on July 21, 2016.
             Was a Priest of Cheibriados.
             Slain by a six-headed hydra (3 damage)
             ... on level 12 of the Dungeon.
             The game lasted 00:23:09 (10177 turns).

oplop the Chiller (Octopode Ice Elementalist)      Turns: 10177, Time: 00:23:10

Health: 0/66       AC:  1    Str: 15    XL:     10   Next: 25%
Magic:  22/28      EV: 15    Int: 28    God:    Cheibriados [***...]
Gold:   517        SH:  0    Dex: 19    Spells: 5 memorised, 7 levels left

rFire  . . .     SeeInvis .     f - +2 dagger (venom)
rCold  . . .     Gourm    .     (no shield)
rNeg   . . .     Faith    .     (helmet restricted)
rPois  .         Spirit   .     (no amulet)
rElec  .         Dismiss  .     D - ring of magical power
rCorr  .         Reflect  .     (no ring)
SustAt .         Harm     .     (no ring)
MR     .....                    (no ring)
Stlth  ++++......               (no ring)
                                (no ring)
                                (no ring)
                                (no ring)

@: about to teleport, very slightly contaminated, very slow, not resistant to
hostile enchantments, stealthy
A: almost no armour, amphibious, 8 rings, constrict 8, camouflage 1, mutation
resistance 1, gelatinous body 1
a: Bend Time, Temporal Distortion, Renounce Religion


You were on level 12 of the Dungeon.
You worshipped Cheibriados.
Cheibriados was most pleased with you.
You were not hungry.

You visited 2 branches of the dungeon, and saw 14 of its levels.

You collected 517 gold pieces.

Inventory:

Hand Weapons
 f - a +2 dagger of venom (weapon)
Magical Staves
 A - an uncursed staff of fire
Jewellery
 u - an uncursed ring of resist corrosion
 D - a ring of magical power (left tentacle)
Wands
 p - a wand of digging (13/24)
 s - a wand of disintegration (9/24)
 t - a wand of lightning (6/15)
 w - a wand of iceblast (7/15)
 J - a wand of polymorph (13/24)
 K - a wand of enslavement (18/24)
Scrolls
 d - 2 scrolls of blinking {unknown}
 e - 2 scrolls of recharging {unknown}
 g - 2 scrolls of enchant weapon {unknown}
 h - 8 scrolls of teleportation
 o - 9 scrolls of remove curse
 y - 7 scrolls of identify
 C - a scroll of noise {unknown}
 F - 2 scrolls of fog {unknown}
 H - a scroll of random uselessness {unknown}
 L - a scroll of vulnerability {unknown}
Potions
 c - 2 potions of invisibility {unknown}
 i - a potion of lignification
 l - a potion of might
 m - 6 potions of brilliance
 q - 3 potions of cure mutation
 v - a potion of curing
 z - 2 potions of degeneration {unknown}
 B - 2 potions of berserk rage {unknown}
 E - 3 potions of flight {unknown}
 I - 2 potions of haste {unknown}
Books
 a - a book of Frost

   Spells                             Type                      Level
   a - Freeze                         Ice                          1
   b - Throw Frost                    Conjuration/Ice              2
   c - Ozocubu's Armour               Charms/Ice                   3
   d - Throw Icicle                   Conjuration/Ice              4
   e - Summon Ice Beast               Ice/Summoning                4
 k - a Necronomicon

   Spells                             Type                      Level
   a - Haunt                          Necromancy/Summoning         7
   b - Borgnjor's Revivification      Necromancy                   8
   c - Death's Door                   Charms/Necromancy            8
   d - Infestation                    Necromancy                   8
   e - Necromutation                  Transmutation/Necromancy     8
 r - a book of Debilitation

   Spells                             Type                      Level
   a - Corona                         Hexes                        1
   b - Slow                           Hexes                        2
   c - Gell's Gravitas                Hexes/Translocation          3
   d - Inner Flame                    Hexes/Fire                   3
   e - Cause Fear                     Hexes                        4
   f - Leda's Liquefaction            Hexes/Earth                  4
 x - a book of Fire

   Spells                             Type                      Level
   a - Ignite Poison                  Fire/Transmutation/Poison    3
   b - Fireball                       Conjuration/Fire             5
   c - Bolt of Fire                   Conjuration/Fire             6
   d - Delayed Fireball               Conjuration/Fire             7
   e - Ring of Flames                 Charms/Fire                  7
Comestibles
 b - 10 bread rations
 j - 12 fruits
 n - 3 meat rations


   Skills:
 + Level 5.1 Fighting
 - Level 0.6 Short Blades
 + Level 4.4 Dodging
 - Level 2.6 Stealth
 - Level 0.4 Unarmed Combat
 - Level 6.0 Spellcasting
 * Level 5.3 Conjurations
 - Level 5.4 Summonings
 - Level 7.4 Ice Magic
 + Level 4.6 Invocations


You had 7 spell levels left.
You knew the following spells:

 Your Spells              Type           Power        Failure   Level  Hunger
a - Freeze                Ice            ####         1%          1    None
b - Throw Frost           Conj/Ice       #####.       1%          2    None
c - Ozocubu's Armour      Chrm/Ice       ####....     4%          3    None
d - Summon Ice Beast      Ice/Summ       #####...     6%          4    ###....
e - Throw Icicle          Conj/Ice       #####...     6%          4    ###....


Dungeon Overview and Level Annotations

Branches:
Dungeon (13/15)            Temple (1/1) D:4
   Lair: D:8-11         Orc: D:9-12      Vaults: D:13-14

Altars:
Ashenzari
Cheibriados
Dithmenos
Elyvilon
Fedhas
Gozag
Hepliaklqana
Kikubaaqudgha
Makhleb
Nemelex Xobeh
Okawaru
Pakellas
Qazlal
Ru
Sif Muna
Trog
Uskayaw
Vehumet
Xom
Yredelemnul
Zin
The Shining One

Shops:
D:5 }


Innate Abilities, Weirdness & Mutations

You cannot wear most types of armour.
You are amphibious.
You can wear up to eight rings at the same time.
You can use your tentacles to constrict eight enemies at once.
Your skin changes colour to match your surroundings (Stealth+).
Your rubbery body absorbs attacks. (AC +1)
You are somewhat resistant to further mutation.


Message History

As you read the scroll of teleportation, it crumbles to dust.
You feel strangely unstable.
Casting: Ozocubu's Armour
Confirm with . or Enter, or press ? or * to list all spells.
Aiming: Throw Icicle
Press: ? - help, Shift-Dir - straight line, f - six-headed hydra
Aim: a six-headed hydra You miscast Throw Icicle.
You are very lightly contaminated with residual magic.
Frost spreads across the the floor.
The six-headed hydra bites you! The six-headed hydra bites you.
The six-headed hydra bites you! x3
The six-headed hydra bites you!!
* * * LOW HITPOINT WARNING * * *
Okay, then.
You feel much better. The six-headed hydra bites you! x2
* * * LOW HITPOINT WARNING * * *
The six-headed hydra bites you.
* * * LOW HITPOINT WARNING * * *
The six-headed hydra bites you.
You die...

.# ###. ##...#.# # #.# ..
.... ##......### #.# .
.K. ##...#...... #.# . ..
##......##### #..# .#.
##...###.# #...#
#.###...####+###
#....##.##......†....#
#.####YD.....#........#
#....##@...##........#
#...###...###........#
#..###...............#
#.###...###..........#
#.###......'............
#.###....[###...####.####
..###.....######## ##
.###...>.....## ###
##...#.####.)##..#


You could see a six-headed hydra and a sky beast.

Vanquished Creatures
  A centaur skeleton (D:10)
  A mottled dragon (D:12)
  A water moccasin (D:8)
  An orc warrior (D:9)
  A black bear (D:10)
  A slave (D:8)
  An ice beast (D:5)
  A phantom (D:10)
  2 ogres
  4 sky beasts
  An eye of draining (D:12)
  A big kobold (D:10)
  6 giant frogs
  3 scorpions
  2 electric eels (D:6)
  2 howler monkeys
  2 crimson imps
  2 hounds
  2 jellies (D:9)
  4 orc priests
  5 orc wizards
  3 giant frog skeletons
  3 iguanas
  A worker ant (D:6)
  2 hound zombies
  2 hound skeletons
  2 worker ant zombies (D:5)
  2 howler monkey zombies
  4 gnolls (D:4)
  A howler monkey skeleton (D:5)
  4 adders
  2 shadow imps
  An ooze (D:2)
  An adder zombie (D:6)
  3 worms
  A dart slug (D:5)
  2 giant geckos (D:4)
  24 orcs
  A ball python (D:6)
  9 bats
  4 giant cockroaches
  4 goblins
  6 hobgoblins
  17 jackals
  10 kobolds
  4 quokkas
  A ball python zombie (D:5)
  A giant gecko zombie (D:5)
  4 giant newts
  A quokka zombie (D:5)
  3 rats
167 creatures vanquished.

Vanquished Creatures (collateral kills)
  Pikel (D:8)
  A gargoyle (D:9)
  A yak (D:10)
  A hungry ghost (D:8)
  A slave (D:8)
  A sky beast (D:10)
  2 orc warriors
  An ogre (D:9)
  An electric eel (D:10)
  6 orc wizards
  A centaur skeleton (D:8)
  A worker ant (D:10)
  A giant gecko (D:10)
  10 orcs
29 creatures vanquished.

Vanquished Creatures (others)
  A human (D:3)
1 creature vanquished.

Grand Total: 197 creatures vanquished

Notes
Turn   | Place    | Note
-------+----------+-------------------------------------------
     0 | D:1      | oplop the Octopode Ice Elementalist began the quest for the Orb.
     0 | D:1      | Reached XP level 1. HP: 11/11 MP: 3/3
    73 | D:1      | Found a shimmering altar of Xom.
   151 | D:1      | Reached XP level 2. HP: 13/18 MP: 0/5
   202 | D:1      | Reached skill level 1 in Fighting
   649 | D:2      | Reached XP level 3. HP: 23/23 MP: 6/6
  1334 | D:3      | oplop: суп
  1368 | D:3      | Reached XP level 4. HP: 29/29 MP: 7/7
  1378 | D:3      | Found an ancient bone altar of Kikubaaqudgha.
  1388 | D:3      | Noticed a human
  1391 | D:3      | Killed a human
  1398 | D:3      | Reached skill level 4 in Ice Magic
  1401 | D:3      | ololoev: yo
  1457 | D:3      | oplop: че вырезали?
  1457 | D:3      | oplop: давно не заходил?
  1457 | D:3      | oplop: -?
  1469 | D:3      | Gained mutation: You are somewhat resistant to further mutation. [potion of mutation]
  1480 | D:3      | ololoev: руперта вырезали
  1483 | D:3      | ololoev: мауда
  1508 | D:3      | oplop: а, это я видел еще
  1581 | D:3      | ololoev: лонгам сделал -1 дамага для одноручей, -2 для двуручей
  1633 | D:3      | ololoev: рипостинг дали
  1634 | D:3      | oplop: это тоже
  1677 | D:3      | Learned a level 2 spell: Throw Frost
  1681 | D:3      | Learned a level 3 spell: Ozocubu's Armour
  1780 | D:3      | Reached XP level 5. HP: 9/35 MP: 3/9
  2289 | D:4      | ololoev: тогда вроде ничего
  2406 | D:4      | Found a staircase to the Ecumenical Temple.
  2546 | Temple   | Entered the Ecumenical Temple
  2778 | Temple   | ololoev: монстерский дчан сделали, видел уже?
  2778 | Temple   | oplop: шта
  2853 | D:4      | ololoev: в общем
  2942 | D:4      | ololoev: некры всякие вешают статус на монстров
  3002 | D:4      | ololoev: после смерти они превращаются в симулякр
  3002 | D:4      | ololoev: и мочат тебя
  3002 | D:4      | oplop: забавно
  3043 | D:4      | ololoev: если нет рС
  3043 | D:4      | oplop: а, дчан=дез чаннел
  3092 | D:4      | Reached XP level 6. HP: 35/41 MP: 10/10
  3320 | D:4      | ololoev: да
  3320 | D:4      | ololoev: он в статусе DСhan называется
  3340 | D:5      | Entered Level 5 of the Dungeon
  3340 | D:5      | Noticed an ice beast
  3348 | D:4      | Learned a level 4 spell: Summon Ice Beast
  3420 | D:5      | Found a stormy altar of Qazlal.
  3742 | D:5      | Reached skill level 1 in Summonings
  4107 | D:5      | Reached skill level 5 in Ice Magic
  4357 | D:5      | Found an oddly glowing altar of Pakellas.
  4357 | D:5      | Found Pakellas's Prime Provisions.
  4450 | D:6      | Reached XP level 7. HP: 44/45 MP: 1/12
  5022 | D:7      | Reached skill level 6 in Ice Magic
  5676 | D:7      | Reached XP level 8. HP: 21/51 MP: 15/15
  6099 | D:8      | Reached skill level 5 in Spellcasting
  6741 | D:8      | Noticed Pikel
  6757 | D:8      | Killed Pikel
  6757 | D:8      | Reached skill level 7 in Ice Magic
  6826 | D:8      | Reached skill level 5 in Summonings
  7008 | D:9      | Reached XP level 9. HP: 37/55 MP: 18/18
  7331 | Temple   | Became a worshipper of Cheibriados the Contemplative
  7383 | D:5      | Reached skill level 1 in Invocations
  7469 | D:6      | HP: 2/57 [orc warrior/trident (22)]
  7819 | D:6      | Learned a level 4 spell: Throw Icicle
  8285 | D:9      | HP: 2/57 [something (5)]
  8429 | D:9      | Reached * piety under Cheibriados
  8675 | D:9      | Noticed a gargoyle
  8735 | D:9      | Killed a gargoyle
  8934 | D:10     | Entered Level 10 of the Dungeon
  8944 | D:10     | Reached ** piety under Cheibriados
  9207 | D:10     | Reached XP level 10. HP: 25/65 MP: 17/19
  9464 | D:10     | Noticed a deep troll
  9465 | D:10     | Noticed a deep troll
  9466 | D:10     | You fall through a shaft for 3 floors!
  9468 | D:13     | Noticed an ogre mage
  9638 | D:13     | Reached skill level 5 in Conjurations
 10081 | D:12     | Reached skill level 5 in Fighting
 10110 | D:12     | Reached *** piety under Cheibriados
 10169 | D:12     | Noticed a six-headed hydra
 10177 | D:12     | HP: 3/66 [six-headed hydra (6)]
 10177 | D:12     | Slain by a six-headed hydra

Vault maps used:
D:1:      mrwooster_arrival_statue_3, xom_teletrap_fun
D:3:      first_bread, tgw_kikubaaqudgha
D:5:      lemuel_doored_altar, serial_undead, serial_undead_d, serial_undead_d,
          serial_undead_f, serial_undead_b, johnstein_pakellas_shop
D:6:      minmay_misc_feat_rows, water_maze_lemuel
D:8:      uniq_pikel
D:10:     lemuel_troll_bridge, serial_shops, nicolae_shop_behind_doors
D:11:     minmay_lair_entry_grove
D:12:     minmay_triangles_in_corner, erik_orc_3, hangedman_stone_soup
D:13:     hangedman_vaults_entry_quadrant_bands, portal_ice_cave_entry_imps
Temple:   roderic_octagonal_lattice_temple

Skill      XL: |  1  2  3  4  5  6  7  8  9 10 |
---------------+-------------------------------+-----
Fighting       | 1 2 4 5 |  5.1
Ice Magic      | 4 5 6 7 |  7.4
Spellcasting   | 3 4 6 |  6.0
Summonings     | 2 3 5 |  5.4
Invocations    | 3 4 |  4.6
Dodging        | 4 |  4.4
Conjurations   | 4 5 |  5.3
Short Blades   | |  0.6
Stealth        | |  2.6
Unarmed Combat | |  0.4

Action                   |  1- 3 |  4- 6 |  7- 9 | 10-12 || total
-------------------------+-------+-------+-------+-------++-------
Melee: Unarmed           |    41 |       |       |       ||    41
       Constrict         |    17 |    40 |    54 |    12 ||   123
       Tentacles         |    14 |    25 |    56 |    20 ||   115
       Dagger            |    25 |   149 |   227 |    46 ||   447
 Cast: Freeze            |     6 |    10 |     6 |       ||    22
       Ozocubu's Armour  |       |     4 |     8 |     1 ||    13
       Throw Frost       |       |     7 |     3 |       ||    10
       Summon Ice Beast  |       |       |    25 |     2 ||    27
       Throw Icicle      |       |       |    15 |    13 ||    28
Evoke: Wand              |       |     2 |       |       ||     2
  Use: Potion            |     1 |     4 |     3 |     1 ||     9
       Scroll            |       |     7 |       |     2 ||     9
 Stab: Sleeping          |     7 |     8 |    12 |     1 ||    28
       Distracted        |       |     1 |     1 |       ||     2
  Eat: Chunk             |       |     5 |    17 |     1 ||    23
       Fruit             |       |     5 |       |       ||     5
       Royal jelly       |       |     1 |       |       ||     1
       Beef jerky        |       |       |     2 |     1 ||     3
       Pizza             |       |       |     1 |       ||     1
Armor: Skin              |    10 |    16 |    35 |     4 ||    65
Dodge: Dodged            |    46 |    70 |   149 |    31 ||   296
